 Dungeon Crawl Stone Soup version 0.22-a0-538-g76cc104 (webtiles) character file.

28 iamserjio the Charmwright (level 3, 6/18 HPs)
             Began as a Vine Stalker Skald on June 23, 2018.
             Quit the game on level 1 of the Dungeon.
             The game lasted 00:02:45 (278 turns).

iamserjio the Charmwright (Vine Stalker Skald)       Turns: 278, Time: 00:02:46

Health: 6/18       AC:  3    Str: 13    XL:     3   Next: 12%
Magic:  7/7        EV: 11    Int: 14    God:
Gold:   41         SH:  0    Dex: 13    Spells: 1/6 levels left

rFire    . . .     SeeInvis .   a - +0 spear
rCold    . . .     Gourm    .   (no shield)
rNeg     . . .     Faith    .   b - +0 leather armour
rPois    .         Spirit   +   (no helmet)
rElec    .         Reflect  .   (no cloak)
rCorr    .         Harm     .   (no gloves)
MR       .....                  (no boots)
Stlth    +.........             (no amulet)
HPRegen  0.06/turn              (no ring)
MPRegen  0.10/turn              (no ring)

@: no status effects
A: fangs 2, magic shield, antimagic bite, no potion heal 3, rot immunity
a: no special abilities


You were on level 1 of the Dungeon.
You were not hungry.

You visited 1 branch of the dungeon, and saw 1 of its levels.

You collected 41 gold pieces.

Inventory:

Hand Weapons
 a - a +0 spear (weapon)
Armour
 b - a +0 leather armour (worn)
 c - a +0 chain mail
Scrolls
 f - a scroll of teleportation {unknown}
Potions
 e - a potion of curing {unknown}
Comestibles
 d - a ration


   Skills:
 + Level 2.3 Fighting
 * Level 2.8 Polearms
 - Level 0.7 Armour
 - Level 1.5 Dodging
 - Level 2.1 Spellcasting
 - Level 3.0 Charms


You had one spell level left.
You knew the following spells:

 Your Spells              Type           Power        Failure   Level  Hunger
a - Infusion              Chrm           #...         9%          1    #......
b - Song of Slaying       Chrm           #.......     13%         2    ###....
c - Shroud of Golubria    Chrm/Tloc      #.........   24%         2    ###....

Your spell library contained the following spells:

 Spells                   Type           Power        Failure   Level  Hunger
 Regeneration             Chrm/Necr      #.........   43%         3    ###....
 Spectral Weapon          Hex/Chrm       #.......     43%         3    ###....


Dungeon Overview and Level Annotations

Branches:
Dungeon (1/15)

Altars:


Innate Abilities, Weirdness & Mutations

You have extremely sharp teeth.
When hurt, damage is shared between your health and your magic reserves.
Your bite disrupts and absorbs the magic of your enemies.
Potions cannot restore your health.
You are immune to rotting.


Message History

* * * LOW HITPOINT WARNING * * *
The goblin misses you.
You closely miss the goblin.
You kill the goblin!
The kobold closely misses you.
You hit the kobold but do no damage. Your bite misses the kobold.
The kobold hits you but does no damage.
You barely miss the kobold. The kobold hits you but does no damage.
You barely miss the kobold. The kobold hits you but does no damage.
You closely miss the kobold. The kobold barely misses you.
You hit the kobold.
You kill the kobold!
Okay, then.
Your song is almost over.
f - a scroll labeled ETAPHI SEPSEFI Your song has ended.
You see here a stone.
You open the door.
There is an open door here.
Are you sure you want to abandon this character and quit the game? (Confirm with "yes".)

#.# #.................. #.#
################### #.#
#######.........# #.#
####..........##...# #.#
#..............#...#
#.####..............#.#######
#....'.......................
######...###........#........
#...# #@.()....#.(......
#...# #..))....#........
#...# #........#.)......
#...# #........#........
##### #........#........
############........#........
#..........'........#........
#.##########........#........
#.# #........#........


There were no monsters in sight!

Vanquished Creatures
  An ooze (D:1)
  A dart slug (D:1)
  A ball python (D:1)
  3 goblins (D:1)
  7 hobgoblins (D:1)
  2 kobolds (D:1)
  2 bats (D:1)
  A rat (D:1)
18 creatures vanquished.

Notes
Turn   | Place    | Note
-------+----------+-------------------------------------------
     0 | D:1      | iamserjio the Vine Stalker Skald began the quest for the Orb.
     0 | D:1      | Reached XP level 1. HP: 11/11 MP: 4/4
    32 | D:1      | Reached XP level 2. HP: 14/15 MP: 0/6
    96 | D:1      | Learned a level 2 spell: Song of Slaying
   123 | D:1      | Learned a level 2 spell: Shroud of Golubria
   188 | D:1      | Reached XP level 3. HP: 4/18 MP: 3/7
   278 | D:1      | Quit the game

Vault maps used:
D:1:      erik_arrival_cave_to_civilisation

Skill      XL: |  1 |
---------------+----+-----
Polearms       | 2 |  2.8
Fighting       | 2 |  2.3
Armour         | |  0.7
Dodging        | |  1.5
Spellcasting   | |  2.1
Charms         | |  3.0

Action                   || total
-------------------------++-------
Melee: Spear             ||    54
       Bite              ||    12
 Cast: Infusion          ||     2
       Song of Slaying   ||     2
Armor: Leather armour    ||    12
Dodge: Dodged            ||    37

Table legend:
 A = Spawn XP
 B = Non-spawn XP
 C = Spawn XP percentage of total XP
 D = Spawn monster count
 E = Non-spawn monster count
 F = Spawn count percentage of total count
 G = Total turns spent on level
                    A         B        C        D         E        F      G
               +---------+---------+-------+---------+---------+-------+---------
         Total |       0 |      40 |   0.0 |       0 |      18 |   0.0 |   278
               +---------+---------+-------+---------+---------+-------+---------
           D:1 |       0 |      40 |   0.0 |       0 |      18 |   0.0 |   278
               +---------+---------+-------+---------+---------+-------+---------
